 Dungeon Crawl Stone Soup version 0.23.0 (webtiles) character file.

Game seed: 15665042784748630730

83611 Froggeryz the Black Belt (level 15, -2/138 HPs)
             Began as a Naga Monk on Feb 13, 2019.
             Was the Champion of Cheibriados.
             Shot with an arrow by a centaur warrior (14 damage)
             ... on level 14 of the Dungeon.
             The game lasted 01:01:36 (22807 turns).

Froggeryz the Black Belt (Naga Monk)               Turns: 22807, Time: 01:01:37

Health: -2/138     AC: 16    Str: 30    XL:     15   Next: 77%
Magic:  22/23      EV: 22    Int: 28    God:    Cheibriados [******]
Gold:   1539       SH:  5    Dex: 31    Spells: 16/20 levels left

rFire    + . .     SeeInvis +     - Unarmed
rCold    . . .     Gourm    .   (no shield)
rNeg     . . .     Faith    .   O - +2 robe {rF+}
rPois    +         Spirit   .   P - +1 helmet "Yzxidoc" {rElec rPois rCorr}
rElec    +         Reflect  +   B - +0 cloak
rCorr    +         Harm     .   Q - +2 pair of gloves
MR       ++...                  (no barding)
Stlth    +++++.....             E - +5 amulet of reflection
HPRegen  0.33/turn              I - ring of protection from magic
MPRegen  0.18/turn              h - +2 ring of protection

@: very slow
A: large, see invisible, deformed body, poison resistance, slowness 2, slow
metabolism 1, spit poison 1, constrict 1, AC +5
a: Spit Poison, Bend Time, Temporal Distortion, Slouch, Step From Time, Renounce
Religion


You were on level 14 of the Dungeon.
You worshipped Cheibriados.
Cheibriados was exalted by your worship.
You were very hungry.

You visited 3 branches of the dungeon, and saw 21 of its levels.
You also visited: Gauntlet.

You collected 1627 gold pieces.
You spent 88 gold pieces at shops.

Inventory:

Hand Weapons
 H - a +4 scimitar of flaming
Missiles
 e - 2 throwing nets (quivered)
 o - 10 javelins
 J - 12 javelins of penetration
Armour
 B - a +0 cloak (worn)
 L - the +3 salamander hide armour {+Rage rF++}
   (You found it in a Gauntlet)

   It greatly protects you from fire.
   It lets you go berserk.
 O - a +2 robe of fire resistance (worn)
 P - the +1 helmet "Yzxidoc" (worn) {rElec rPois rCorr}
   (You found it in a Gauntlet)

   It insulates you from electricity.
   It protects you from poison.
   It provides partial protection from all sources of acid and corrosion.
 Q - a +2 pair of gloves (worn)
Jewellery
 d - an uncursed ring of wizardry
 g - an uncursed ring of fire
 h - a +2 ring of protection (right hand)
 n - an uncursed ring of stealth
 u - an uncursed ring of resist corrosion
 D - an uncursed amulet of magic regeneration
 E - a +5 amulet of reflection (around neck)
 I - a ring of protection from magic (left hand)
 K - the amulet "Esefruri" {Gourm rPois rC- MP+9 Slay+6}
   (You found it on level 8 of the Dungeon)

   [amulet of the gourmand]

   It allows you to eat raw meat even when not hungry.
   It affects your accuracy and damage with ranged weapons and melee attacks
   (+6).
   It makes you vulnerable to cold.
   It protects you from poison.
   It affects your magic capacity (+9).
Wands
 i - a wand of digging (12)
 p - a wand of polymorph (22)
 q - a wand of paralysis (15)
 r - a wand of acid (16)
 v - a wand of flame (76)
 w - a wand of enslavement (13)
 F - a wand of iceblast (20)
 M - a wand of clouds (1)
 Y - a wand of disintegration (11)
Scrolls
 f - 4 scrolls of blinking
 j - 9 scrolls of enchant weapon
 m - 5 scrolls of fear
 s - 9 scrolls of teleportation
 t - 6 scrolls of identify
 x - 7 scrolls of remove curse
 y - 3 scrolls of fog
 N - 2 scrolls of amnesia
 R - a scroll of magic mapping
 T - a scroll of enchant armour
 V - a scroll of brand weapon
Potions
 a - a potion of invisibility
 c - 3 potions of cancellation
 k - 3 potions of lignification
 l - 5 potions of flight
 z - 2 potions of curing
 A - 2 potions of ambrosia
 C - 2 potions of brilliance
 G - a potion of magic
 S - a potion of degeneration {unknown}
 U - a potion of berserk rage {unknown}
 X - a potion of resistance {unknown}
Comestibles
 b - 36 rations


   Skills:
 - Level 10.1 Fighting
 - Level 11.0 Dodging
 - Level 10.1 Stealth
 - Level 17.0 Unarmed Combat
 + Level 3.4 Spellcasting
 + Level 3.7 Transmutations
 - Level 11.2 Invocations
 + Level 3.7 Evocations


You had 16 spell levels left.
You knew the following spells:

 Your Spells              Type           Power        Failure   Level  Hunger
a - Petrify               Tmut/Erth      ###.....     36%         4    ####...

Your spell library contained the following spells:

 Spells                   Type           Power        Failure   Level  Hunger
 Animate Skeleton         Necr           N/A          8%          1    None
 Apportation              Tloc           #.....       8%          1    None
 Confusing Touch          Hex            #.....       8%          1    None
 Magic Dart               Conj           #...         8%          1    None
 Pain                     Necr           #...         8%          1    None
 Summon Butterflies       Summ           #.......     8%          1    None
 Shroud of Golubria       Chrm/Tloc      #.........   12%         2    #......
 Confuse                  Hex            #.......     24%         3    ##.....
 Dazzling Spray           Conj/Hex       #.....       24%         3    ##.....
 Gell's Gravitas          Tloc           #.........   24%         3    ##.....
 Lesser Beckoning         Tloc           #.........   24%         3    ##.....
 Portal Projectile        Hex/Tloc       #.....       24%         3    ##.....
 Recall                   Summ/Tloc      N/A          24%         3    ##.....
 Regeneration             Chrm/Necr      #.........   24%         3    ##.....
 Spectral Weapon          Hex/Chrm       #.......     24%         3    ##.....
 Static Discharge         Conj/Air       #.......     24%         3    ##.....
 Tukima's Dance           Hex            #.......     24%         3    ##.....
 Vampiric Draining        Necr           #.........   24%         3    ##.....
 Animate Dead             Necr           N/A          61%         4    ####...
 Force Lance              Conj/Tloc      #.......     61%         4    ####...
 Passage of Golubria      Tloc           N/A          61%         4    ####...
 Alistair's Intoxication  Tmut/Pois      ###.....     71%         5    ######.
 Yara's Violent Unravell  Hex/Tmut       ###.......   71%         5    ######.
 Bolt of Magma            Conj/Fire/Erth #.........   91%         5    ######.
 Iskenderun's Battlesphe  Conj/Chrm      #.......     91%         5    ######.
 Metabolic Englaciation   Hex/Ice        #.........   91%         5    ######.
 Venom Bolt               Conj/Pois      #.........   91%         5    ######.
 Dispersal                Tloc           #.........   100%        6    #######
 Freezing Cloud           Conj/Ice/Air   #.........   100%        6    #######
 Invisibility             Hex            #.......     100%        6    #######
 Iron Shot                Conj/Erth      #.........   100%        6    #######
 Orb of Destruction       Conj           #.........   100%        7    #######
 Spellforged Servitor     Conj/Summ      #.........   100%        7    #######


Dungeon Overview and Level Annotations

Branches:
Dungeon (14/15)            Temple (1/1) D:6            Lair (6/6) D:9
 Shoals (0/4) Lair:3        Snake (0/4) Lair:4        Slime (0/5) Lair:5
    Orc (0/2) D:11
 Vaults: D:13-14

Altars:
Ashenzari
Cheibriados
Dithmenos
Elyvilon
Gozag
Hepliaklqana
Kikubaaqudgha
Makhleb
Nemelex Xobeh
Okawaru
Qazlal
Ru
Sif Muna
Trog
Uskayaw
Vehumet
Xom
Yredelemnul
Zin
The Shining One
Jiyva

Shops:
D:4 *[**   D:10 (   D:13 [

Annotations:
D:8 3 runed translucent doors, Garrluk's ghost, novice DDBe
Lair:2 exclusion: 4 oklob plants
Lair:4 3 runed translucent doors, Xyudeake's ghost, journeyman DEFE


Innate Abilities, Weirdness & Mutations

You cannot wear boots.
Your serpentine skin is tough. (AC +5)
You have supernaturally acute eyesight. (SInv)
Armour fits poorly on your strangely shaped body.
Your system is resistant to poisons. (rPois)
You cover ground very slowly.
You have a slow metabolism.
You can spit poison.
You can use your snake-like lower body to constrict enemies.


Message History

You constrict the skeletal warrior.
The centaur warrior shoots an arrow.
You reflect the arrow off an invisible shield around you!
The arrow completely misses the centaur warrior.
You block the skeletal warrior's attack.
Unknown command.
Unknown command.
You hit the skeletal warrior but do no damage.
Your punch misses the skeletal warrior.
The skeletal warrior is almost destroyed.
You constrict the skeletal warrior.
You destroy the skeletal warrior!
Cheibriados thoroughly appreciates the change of pace.
Unknown command.
Unknown command.
The centaur warrior shoots an arrow.
The arrow closely misses you.
The centaur warrior shoots an arrow.
The arrow hits you!
* * * LOW HITPOINT WARNING * * *
The skeletal warrior barely misses you.
The centaur warrior shoots an arrow.
The arrow hits you!
You die...

.#. ..#. ...#
.(.. #... ...#
..... ....
#...#####c.
#§§§...+ #z§§§.#
#§@§§§#
#...#§§§#...#
.......§§§§......
...#..(>..#....##
.. #......#......
. #......# ...#.
#......# ...#
#......# ..#
+......#


You could see a skeletal warrior and a centaur warrior.

Vanquished Creatures
  Rupert (Lair:6)
  Gastronok (Lair:2)
  Nessos (D:12)
  A minotaur (Gauntlet)
  A fire dragon (Lair:6)
  Josephine (Lair:5)
  2 hydras
  Erica (D:8)
  2 two-headed ogres (D:12)
  A tengu warrior (D:14)
  Urug (Lair:2)
  5 death yaks (Lair:6)
  4 skeletal warriors (D:14)
  2 wizards (Gauntlet)
  Pikel (D:4)
  2 unseen horrors
  A necromancer (Gauntlet)
  2 lindwurms (Lair:6)
  3 deep elf magi
  A wolf spider (Lair:6)
  An ugly thing (D:11)
  A manticore (D:12)
  2 cyclopes
  Joseph (D:8)
  A centaur zombie (D:14)
  5 elephants (Lair:5)
  9 black mambas
  A guardian serpent (Lair:6)
  11 torpor snails
  12 spiny frogs
  A rime drake (Lair:1)
  3 komodo dragons
  3 trolls
  2 queen bees
  A polar bear (Lair:5)
  3 tyrant leeches (Lair:6)
  Prince Ribbit (D:5)
  8 hornets (Lair:6)
  Grinder (D:4)
  11 blink frogs
  5 slime creatures (D:12)
  A snapping turtle (Lair:3)
  10 hippogriffs
  2 dream sheep (Lair:6)
  6 wraiths
  4 redbacks (Lair:6)
  41 yaks
  14 wyverns
  5 basilisks
  A hungry ghost (D:12)
  2 vampire mosquitoes (D:13)
  Menkaure (D:4)
  A soldier ant (D:13)
  4 wargs (D:11)
  Duvessa (D:4)
  An acid dragon (D:11)
  21 water moccasins
  11 porcupines
  5 orc warriors
  3 ice beasts
  2 slaves (D:5)
  2 black bears
  3 necrophages
  11 ogres
  5 sky beasts
  An eye of draining (D:11)
  4 wolves (Gauntlet)
  6 centaurs
  2 phantoms
  15 crocodiles
  4 big kobolds
  Blork the orc (D:6)
  20 bullfrogs
  3 gnoll sergeants
  6 scorpions
  Dowan (D:4)
  24 killer bees
  A wight (D:11)
  3 howler monkeys
  An electric eel (Lair:3)
  4 crimson imps
  Crazy Yiuf (D:6)
  7 orc priests
  4 bullfrog skeletons
  5 centaur skeletons
  5 hounds
  3 jellies
  15 orc wizards
  4 iguanas
  Natasha (thrice) (D:2)
  10 worker ants
  Ijyb (D:2)
  A hound zombie (D:5)
  2 hound skeletons (D:4)
  A worker ant zombie (D:8)
  Robin (D:3)
  21 gnolls
  18 adders
  4 shadow imps
  A white imp (Gauntlet)
  3 oozes
  3 adder skeletons
  A worm (D:4)
  2 dart slugs
  2 leopard geckos
  51 orcs
  8 bats
  8 giant cockroaches
  16 goblins
  14 hobgoblins
  12 jackals
  5 quokkas
  3 ball pythons
  6 frilled lizards
  A giant cockroach zombie (D:5)
  2 jackal zombies
  17 kobolds
  A leopard gecko skeleton (D:6)
  9 rats
  A fungus (Gauntlet)
  6 plants
648 creatures vanquished.

Vanquished Creatures (collateral kills)
  A wyvern (Lair:6)
  A water moccasin (Lair:6)
2 creatures vanquished.

Vanquished Creatures (others)
  6 demonic plants (Gauntlet)
  20 fungi
  27 plants
53 creatures vanquished.

Grand Total: 703 creatures vanquished

Notes
Turn   | Place    | Note
-------+----------+-------------------------------------------
     0 | D:1      | Froggeryz the Naga Monk began the quest for the Orb.
     0 | D:1      | Reached XP level 1. HP: 21/21 MP: 1/1
   326 | D:1      | Reached XP level 2. HP: 24/28 MP: 2/2
   974 | D:1      | Reached XP level 3. HP: 33/34 MP: 3/3
  1063 | D:2      | Reached skill level 4 in Unarmed Combat
  1419 | D:2      | Noticed Natasha
  1436 | D:2      | Killed Natasha
  1436 | D:2      | Reached XP level 4. HP: 10/44 MP: 4/4
  1929 | D:2      | Noticed Natasha
  1940 | D:2      | Killed Natasha
  1940 | D:2      | Reached XP level 5. HP: 10/50 MP: 5/5
  2203 | D:2      | Reached skill level 5 in Unarmed Combat
  2267 | D:2      | Noticed Natasha
  2425 | D:2      | Killed Natasha
  2474 | D:2      | Found a deep blue altar of Sif Muna.
  2854 | D:3      | Found a basalt altar of Yredelemnul.
  2860 | D:3      | Reached XP level 6. HP: 58/58 MP: 6/6
  2990 | D:3      | Found a shimmering altar of Xom.
  3023 | D:3      | Noticed Robin
  3183 | D:3      | Noticed Ijyb
  3198 | D:2      | Reached skill level 6 in Unarmed Combat
  3351 | D:2      | Killed Ijyb
  3382 | D:3      | Killed Robin
  3697 | D:4      | Found Ynweh's Assorted Antiques.
  3751 | D:4      | Found Omaegal's Assorted Antiques.
  3767 | D:4      | Noticed Dowan
  3784 | D:4      | Killed Dowan
  3784 | D:4      | Reached skill level 5 in Fighting
  3784 | D:4      | Reached XP level 7. HP: 67/67 MP: 7/7
  3792 | D:4      | Noticed Duvessa
  3980 | D:4      | Killed Duvessa
  3980 | D:4      | Reached skill level 7 in Unarmed Combat
  4208 | D:4      | Found Unwamara's General Store.
  4419 | D:4      | Noticed Menkaure
  4422 | D:4      | Killed Menkaure
  4422 | D:4      | Reached XP level 8. HP: 39/76 MP: 8/8
  4599 | D:4      | Noticed Grinder
  4602 | D:4      | Killed Grinder
  4602 | D:4      | Reached skill level 8 in Unarmed Combat
  4668 | D:4      | Found Luibecw's Antique Armour Shop.
  4674 | D:4      | Bought an embroidered robe for 88 gold pieces
  4696 | D:5      | Entered Level 5 of the Dungeon
  4749 | D:5      | Found an iron altar of Okawaru.
  4751 | D:5      | Noticed Prince Ribbit
  4760 | D:5      | Killed Prince Ribbit
  4760 | D:5      | Reached skill level 9 in Unarmed Combat
  5053 | D:5      | Found a glowing golden altar of the Shining One.
  5295 | D:5      | Reached skill level 10 in Unarmed Combat
  5451 | D:5      | Reached XP level 9. HP: 82/82 MP: 9/9
  5601 | D:5      | Noticed Pikel
  5620 | D:4      | Killed Pikel
  5620 | D:4      | Reached skill level 11 in Unarmed Combat
  6209 | D:6      | Found a hide-covered altar of Uskayaw.
  6269 | D:6      | Found a shattered altar of Ashenzari.
  6376 | D:6      | Identified Sif Muna's Catalogue of Hexes and Confrontation
  6427 | D:6      | Found a staircase to the Ecumenical Temple.
  6439 | Temple   | Entered the Ecumenical Temple
  6524 | Temple   | Became a worshipper of Cheibriados the Contemplative
  6524 | Temple   | Reached * piety under Cheibriados
  6524 | Temple   | Reached ** piety under Cheibriados
  6799 | D:6      | Found a runed translucent door.
  6800 | D:6      | Noticed Crazy Yiuf
  6806 | D:6      | Killed Crazy Yiuf
  6854 | D:6      | Noticed Blork the orc
  7118 | D:6      | Killed Blork the orc
  7118 | D:6      | Reached skill level 12 in Unarmed Combat
  7683 | D:7      | Reached skill level 5 in Stealth
  7683 | D:7      | Reached XP level 10. HP: 79/92 MP: 10/10
  7805 | D:7      | Reached *** piety under Cheibriados
  8143 | D:8      | Noticed Erica
  8157 | D:8      | Killed Erica
  8684 | D:8      | Noticed Joseph
  8696 | D:8      | Killed Joseph
  8706 | D:8      | Noticed Garrluk's ghost (novice DDBe)
  8734 | D:8      | Got a pitted jade amulet
  8853 | D:8      | Found a runed translucent gate.
  8854 | D:8      | Found a runed translucent gate.
  8855 | D:8      | Found a runed translucent gate.
  8870 | D:8      | Found a glowing silver altar of Zin.
  8930 | D:8      | Reached **** piety under Cheibriados
  8993 | D:8      | HP: 3/96 [gnoll/+0 spear (6)]
  9825 | D:9      | Found a stormy altar of Qazlal.
  9901 | D:9      | Reached skill level 13 in Unarmed Combat
  9902 | D:9      | Noticed a cyclops
  9918 | D:9      | Reached XP level 11. HP: 78/103 MP: 11/11
  9929 | D:9      | Killed a cyclops
  9930 | D:9      | Noticed a deep elf mage
  9948 | D:9      | Killed a deep elf mage
  9948 | D:9      | Reached skill level 10 in Stealth
 10234 | D:9      | Reached ***** piety under Cheibriados
 10458 | D:9      | Found a staircase to the Lair.
 10535 | D:9      | Identified the amulet "Esefruri" {Gourm rPois rC- MP+9
                  | Slay+6} (You found it on level 8 of the Dungeon)
 10704 | Lair:1   | Entered Level 1 of the Lair of Beasts
 11152 | Lair:1   | Reached skill level 5 in Dodging
 11778 | Lair:2   | Found a gate leading to a gauntlet.
 11792 | Lair:2   | Noticed Urug
 11816 | Lair:2   | Killed Urug
 11916 | Gauntlet | Entered a Gauntlet
 11916 | Gauntlet | Found a transporter.
 12056 | Gauntlet | Found a transporter.
 12058 | Gauntlet | Found a transporter.
 12058 | Gauntlet | Noticed a worldbinder
 12060 | Gauntlet | Found a transporter.
 12087 | Gauntlet | Found a transporter.
 12089 | Gauntlet | Found a transporter.
 12097 | Gauntlet | Noticed a necromancer
 12098 | Gauntlet | Found a transporter.
 12316 | Gauntlet | Noticed a wizard
 12339 | Gauntlet | Identified the +9 mace "Ziuxtall" {crush, rC+}
 12339 | Gauntlet | Noticed a wizard
 12359 | Gauntlet | Found a transporter.
 12362 | Gauntlet | Killed a necromancer
 12387 | Gauntlet | Noticed a wizard
 12457 | Gauntlet | Found a transporter.
 12460 | Gauntlet | Noticed a wizard
 12477 | Gauntlet | Found a transporter.
 12483 | Gauntlet | Killed a wizard
 12497 | Gauntlet | Killed a wizard
 12497 | Gauntlet | Reached skill level 14 in Unarmed Combat
 12497 | Gauntlet | Reached XP level 12. HP: 115/115 MP: 12/12
 12505 | Gauntlet | Found a transporter.
 12510 | Gauntlet | Noticed a minotaur
 12530 | Gauntlet | Killed a minotaur
 12580 | Gauntlet | Identified the Incunabulum of Aid
 12581 | Gauntlet | Found the +3 salamander hide armour {+Rage rF++}
 12583 | Gauntlet | Identified Tiqietef's Tome of the Voyage
 12601 | Gauntlet | Got a pitted helmet
 12613 | Lair:2   | Identified the +1 helmet "Yzxidoc" {rElec rPois rCorr} (You
                  | found it in a Gauntlet)
 12941 | Lair:2   | Noticed Gastronok
 12953 | Lair:2   | Killed Gastronok
 12953 | Lair:2   | Reached skill level 10 in Fighting
 13527 | Lair:2   | Reached skill level 15 in Unarmed Combat
 13527 | Lair:2   | Reached skill level 5 in Invocations
 13527 | Lair:2   | Gained mutation: You can use your snake-like lower body to
                  | constrict enemies. [Naga growth]
 13527 | Lair:2   | Reached XP level 13. HP: 123/123 MP: 12/16
 13589 | Lair:2   | Reached ****** piety under Cheibriados
 14986 | Lair:3   | Found a staircase to the Shoals.
 15432 | Lair:4   | Found a runed translucent gate.
 15433 | Lair:4   | Found a runed translucent gate.
 15433 | Lair:4   | Found a runed translucent gate.
 15435 | Lair:4   | Noticed Xyudeake's ghost (journeyman DEFE)
 15573 | Lair:4   | Found a staircase to the Snake Pit.
 15725 | Lair:4   | Found a snail-covered altar of Cheibriados.
 16239 | Lair:5   | Reached XP level 14. HP: 132/132 MP: 19/19
 16243 | Lair:5   | Noticed Josephine
 16255 | Lair:5   | Killed Josephine
 16294 | Lair:5   | HP: 6/132 [yak (10)]
 16708 | Lair:5   | Got a shimmering wooden ring
 16709 | Lair:5   | Identified the ring "Asselo" {MR- EV+3 Str+7 Int+4} (You
                  | found it on level 5 of the Lair of Beasts)
 16789 | Lair:5   | Found a staircase to the Slime Pits.
 16789 | Lair:5   | Found a viscous altar of Jiyva.
 17287 | Lair:6   | Entered Level 6 of the Lair of Beasts
 17340 | Lair:6   | Reached skill level 16 in Unarmed Combat
 18046 | Lair:6   | Found a runed translucent door.
 18376 | Lair:6   | Reached skill level 10 in Dodging
 18578 | Lair:6   | Got a scorched platinum ring
 18579 | Lair:6   | Identified the cursed ring "Keybiv" {+Blink AC-3} (You
                  | found it on level 6 of the Lair of Beasts)
 19100 | Lair:6   | Reached skill level 10 in Invocations
 19167 | Lair:6   | Reached XP level 15. HP: 75/138 MP: 22/22
 19648 | Lair:6   | Noticed Rupert
 19658 | Lair:6   | Killed Rupert
 19907 | D:10     | Entered Level 10 of the Dungeon
 20116 | D:10     | Found Biawkycs's Weapon Emporium.
 20819 | D:11     | Reached skill level 17 in Unarmed Combat
 20923 | D:11     | Found a staircase to the Orcish Mines.
 20958 | D:11     | Found a bloodstained altar of Trog.
 21067 | D:12     | Learned a level 4 spell: Petrify
 21125 | D:12     | Reached skill level 1 in Spellcasting
 21125 | D:12     | Reached skill level 1 in Transmutations
 21125 | D:12     | Reached skill level 1 in Evocations
 21431 | D:12     | Found a basalt altar of Yredelemnul.
 21633 | D:12     | Noticed Nessos
 21636 | D:12     | Killed Nessos
 22163 | D:13     | Found Iqoagy's Antique Armour Boutique.
 22807 | D:14     | Shot with an arrow by a centaur warrior

Skill      XL: |  1  2  3  4  5  6  7  8  9 10 11 12 13 14 15 |
---------------+----------------------------------------------+-----
Unarmed Combat | 4 5 6 7 10 12 13 14 15 16 17 | 17.0
Fighting       | 4 5 6 8 9 10 | 10.1
Stealth        | 5 9 10 | 10.1
Dodging        | 3 6 7 8 10 11 | 11.0
Invocations    | 5 7 10 11 | 11.2
Spellcasting   | 3 |  3.4
Transmutations | 3 |  3.7
Evocations     | 3 |  3.7

Action                   |  1- 3 |  4- 6 |  7- 9 | 10-12 | 13-15 || total
-------------------------+-------+-------+-------+-------+-------++-------
Melee: Unarmed           |    67 |   232 |   298 |   417 |   837 ||  1851
       Punch             |     4 |     3 |    16 |    39 |   144 ||   206
       Short sword       |    72 |       |       |       |       ||    72
       Constrict         |       |       |       |       |   208 ||   208
Throw: Throwing net      |       |       |     1 |     1 |       ||     2
Invok: Slouch            |       |       |       |       |     4 ||     4
 Abil: Spit Poison       |     6 |    20 |    24 |    14 |     2 ||    66
Evoke: Wand              |       |       |    13 |    12 |     1 ||    26
  Use: Scroll            |     3 |     1 |    16 |    12 |     8 ||    40
       Potion            |       |       |     1 |     8 |     5 ||    14
 Stab: Sleeping          |     8 |     6 |     3 |    13 |    45 ||    75
       Distracted        |     1 |     1 |     1 |     2 |     3 ||     8
       Held in net/web   |       |       |     1 |       |       ||     1
  Eat: Chunk             |     1 |     6 |     9 |     9 |    20 ||    45
       Ration            |       |     1 |       |     1 |     1 ||     3
Armor: Robe              |    45 |    69 |    60 |    92 |   158 ||   424
       Skin              |       |     2 |     5 |     9 |       ||    16
Dodge: Dodged            |    80 |   132 |   161 |   278 |   671 ||  1322
Block: Other             |       |       |       |    43 |   199 ||   242
       Reflection        |       |       |       |     1 |     1 ||     2
